 Dungeon Crawl Stone Soup version 0.28-a0-1567-g1695149f81 (webtiles) character file.

Game seed: 9466607441908325543

305 comborobin the Ruffian (level 6, -1/44 HPs)
             Began as an Octopode Cinder Acolyte on Jan 20, 2022.
             Was a Priest of Ignis.
             Slain by a gnoll (10 damage)
             ... on level 4 of the Dungeon.
             The game lasted 00:03:28 (2706 turns).

comborobin the Ruffian (Octopode Cinder Acolyte)    Turns: 2706, Time: 00:03:29

Health: -1/44      AC:  1    Str: 14    XL:     6   Next: 39%
Magic:  7/7        EV: 13    Int: 16    God:    Ignis [***...]
Gold:   136        SH:  5    Dex:  9    Spells: 5/7 levels left

rFire   + . .      SeeInvis .     - Unarmed
rCold   . . .      Faith    .   g - orb {light}
rNeg    . . .      Spirit   .   (helmet restricted)
rPois   .          Reflect  +   c - amulet of reflection
rElec   .          Harm     .   (no ring)
rCorr   .          Rampage  .   (no ring)
Will    .....                   (no ring)
Stlth   +.........              (no ring)
HPRegen 0.14/turn               (no ring)
MPRegen 0.10/turn               (no ring)
                                (no ring)
                                (no ring)

@: glowing
A: almost no armour, amphibious, 8 rings, camouflage 1, gelatinous body 1,
(nimble swimmer 1), tentacles
a: Renounce Religion, Fiery Armour, Foxfire Swarm, Rising Flame


You were on level 4 of the Dungeon.
You worshipped Ignis.
Ignis was most pleased with you.
You visited 1 branch of the dungeon, and saw 4 of its levels.

You collected 136 gold pieces.

Inventory:

Armour
 g - an orb of light (worn)
Jewellery
 c - an amulet of reflection (around mantle)
Scrolls
 a - a scroll of teleportation {unknown}
 b - a scroll of torment {unknown}
 d - 4 scrolls of identify {unknown}
 e - 2 scrolls of enchant weapon {unknown}
Potions
 f - a potion of cancellation
 h - 2 potions of lignification {unknown}


   Skills:
 + Level 4.3 Fighting
 + Level 2.9 Dodging
 - Level 5.2 Unarmed Combat
 - Level 1.0 Spellcasting
 - Level 3.0 Fire Magic


You had 5 spell levels left.
You knew the following spells:

 Your Spells              Type           Power      Damage    Failure   Level
a - Scorch                Fire           20%        2d6       10%         2

Your spell library contained the following spells:

 Spells                   Type           Power      Damage    Failure   Level
 Gell's Gravitas          Tloc           0%         N/A       56%         3
 Lesser Beckoning         Tloc           0%         N/A       56%         3
 Summon Guardian Golem    Hex/Summ       0%         N/A       56%         3
 Teleport Other           Tloc           0%         N/A       56%         3
 Dispersal                Tloc           0%         N/A       100%        6
 Orb of Destruction       Conj           0%         9d5       100%        7
 Spellforged Servitor     Conj/Summ      0%         N/A       100%        7


Dungeon Overview and Level Annotations

Branches:
Dungeon (4/15)
 Temple: D:4-7

Altars:
Gozag
Uskayaw
Wu Jian

Shops:
D:2 *


Innate Abilities, Weirdness & Mutations

You cannot wear most types of armour.
You are amphibious.
You can wear up to eight rings at the same time.
Your skin changes colour to match your surroundings (Stealth+).
Your rubbery body absorbs attacks. (AC +1, EV +1)
((You are camouflaged when in or above water. (Stealth+)))
You have tentacles for arms and can constrict up to eight enemies at once.


Message History

The foxfire hits the gnoll.
The gnoll is severely wounded.
A gnoll comes into view. It is wielding a +0 spear.
Things that are here:
a +0 halberd; a gnoll corpse Unknown command.
The gnoll shouts!
You tentacle-slap the gnoll.
You kill the gnoll!
The gnoll barely misses you.
Unknown command.
You barely miss the gnoll. Your grab misses the gnoll.
The gnoll is severely wounded.
You block the gnoll's attack.
Unknown command.
Unknown command.
You tentacle-slap the endoplasm.
You kill the endoplasm!
The gnoll barely misses you.
Unknown command.
You barely miss the gnoll. You grab the gnoll.
The gnoll is severely wounded.
You constrict the gnoll, but do no damage.
The gnoll barely misses you.
Unknown command.
Unknown command.
You tentacle-slap the gnoll.
The gnoll is almost dead.
You constrict the gnoll.
You kill the gnoll!
The gnoll hits you from afar with a +0 spear.
Unknown command.
The gnoll hits you with a +0 spear.
* * * LOW HITPOINT WARNING * * *
Items here: )) [ †.
You tentacle-slap the gnoll. You grab the gnoll.
The gnoll is lightly wounded.
You constrict the gnoll, but do no damage.
The gnoll hits you with a +0 spear!
You die...

...# #.#.#(#.#..
##..#.###.#..#.(#..
##........#.#.#.#..
......##.##(((##..
#..##.##.###(###..
#..##.##.#.###.#..
#..##.##.#.....#..
..#.###).#...#.##._.##..
#.....@..?.....#...#...
#....g))#...#..##'##..#
#..####...........†....
..# ####.####.....### .
#.# ##.>.## #.. ##.##
#### #.# #.# #.#####


You could see a gnoll.

Vanquished Creatures
  2 hounds (D:4)
  A gnoll shaman (D:4)
  An orc priest (D:3)
  An orc wizard (D:4)
  Robin (D:3)
  4 gnolls (D:4)
  2 adders (D:2)
  2 adder skeletons (D:4)
  A worm (D:3)
  9 orcs
  9 endoplasms
  2 giant cockroaches
  12 goblins
  13 hobgoblins
  2 quokkas
  3 ball pythons
  A bat (D:2)
  A frilled lizard (D:1)
  3 kobolds
  7 rats (D:1)
77 creatures vanquished.

Vanquished Creatures (others)
  37 foxfires
37 creatures vanquished.

Grand Total: 114 creatures vanquished

Notes
Turn   | Place    | Note
-------+----------+-------------------------------------------
     0 | D:1      | comborobin the Octopode Cinder Acolyte began the quest for
                  | the Orb.
     0 | D:1      | Reached XP level 1. HP: 16/16 MP: 2/2
   196 | D:1      | Reached XP level 2. HP: 15/21 MP: 3/3
   292 | D:1      | Learned a level 2 spell: Scorch
   887 | D:2      | Reached skill level 4 in Unarmed Combat
   917 | D:2      | Found Vegrefal's Assorted Antiques.
   955 | D:2      | Reached XP level 3. HP: 16/26 MP: 4/4
  1160 | D:3      | Reached skill level 5 in Unarmed Combat
  1160 | D:3      | Reached XP level 4. HP: 28/31 MP: 5/5
  1417 | D:3      | Found an ornate altar of the Wu Jian Council.
  1482 | D:3      | Noticed Robin
  1515 | D:3      | Killed Robin
  1516 | D:3      | Reached skill level 1 in Dodging
  1516 | D:3      | Reached XP level 5. HP: 13/36 MP: 6/6
  2116 | D:4      | Found an opulent altar of Gozag.
  2384 | D:4      | Noticed a +0 short sword
  2384 | D:4      | Noticed a +0 spear
  2384 | D:4      | Noticed a +0 dagger
  2386 | D:4      | Noticed a +0 falchion
  2388 | D:4      | Noticed a +0 short sword
  2389 | D:4      | Noticed a +0 falchion
  2389 | D:4      | Noticed a +0 spear
  2391 | D:4      | Noticed a +0 dagger
  2682 | D:4      | Reached XP level 6. HP: 43/43 MP: 7/7
  2682 | D:4      | Found a hide-covered altar of Uskayaw.
  2706 | D:4      | Slain by a gnoll

Illustrated notes

Levels and vault maps discovered:
D:1:      dpeg_arrival_ratfight, layout_rooms, grunt_decor_arrowhead,
          minmay_misc_feat_diagonals, chequers_serial_rivers_micro_c,
          serial_bayou_lagoon_a, hangedman_feature_mirror
D:2:      layout_loops_ring, basic_altar, serial_shops, shop_fountains,
          st_stairs_5
D:3:      layout_rooms, nzn_wu_jian_council_hall, uniq_robin
D:4:      layout_loops_ring, nicolae_uskayaw_en_pointe,
          nicolae_gozag_seed_capital

Skill      XL: |  1  2  3  4  5 |
---------------+----------------+-----
Unarmed Combat | 4 5 |  5.2
Dodging        | 1 2 |  2.9
Fighting       | 4 |  4.3
Spellcasting   | |  1.0
Fire Magic     | |  3.0

Action                   |  1- 3 |  4- 6 || total
-------------------------+-------+-------++-------
Melee: Unarmed           |    53 |    82 ||   135
       Constrict         |    14 |    23 ||    37
       Tentacles         |     8 |    23 ||    31
       Punch             |     1 |     2 ||     3
 Cast: Scorch            |     2 |     3 ||     5
Invok: Fiery Armour      |     1 |     1 ||     2
       Foxfire Swarm     |     1 |     2 ||     3
  Use: Potion            |     1 |     3 ||     4
 Stab: Sleeping          |     2 |     3 ||     5
Armor: Skin              |     6 |     5 ||    11
Dodge: Dodged            |    31 |    32 ||    63
Block: Other             |       |     5 ||     5
       Orb               |       |     4 ||     4

Table legend: (Time is in decaauts)
 A = Elapsed time spent in this place.
 B = Non-inter-level travel time spent in this place.
 C = Inter-level travel time spent in this place.
 D = Time resting spent in this place.
 E = Time spent auto-exploring this place.
 F = Levels seen in this place.
 G = Mean time per level.
                   A        B        C        D        E       F      G
               +--------+--------+--------+--------+--------+-----+--------+
         Total |   2675 |   2620 |     55 |    420 |   1803 |   4 |  668.8 |
       Dungeon |   2675 |   2620 |     55 |    420 |   1803 |   4 |  668.8 |
               +--------+--------+--------+--------+--------+-----+--------+

Top non-repeatable levels by time:
     D:1: 851 daAuts
     D:3: 849 daAuts
     D:4: 680 daAuts
     D:2: 293 daAuts
